 Dungeon Crawl Stone Soup version 0.31.0-12-g77e489cdc1 (webtiles) character file.

Game seed: 10947375877699403864

11616 jimonade the Marksdraconian (level 11, -16/70 (79) HPs)
             Began as a Green Draconian Hunter on Feb 27, 2024.
             Was a Priest of Hepliaklqana.
             Demolished by a soul eater (24 damage)
             ... summoned by a kobold demonologist
             ... on level 11 of the Dungeon.
             The game lasted 00:29:23 (10195 turns).

jimonade the Marksdraconian (DrHu)                 Turns: 10195, Time: 00:29:23

HP:   -16/70 (79)   AC: -5    Str: 14    XL:     11   Next: 51%
MP:   11/11         EV: 15    Int: 10    God:    Hepliaklqana [***...]
Gold: 659           SH:  0    Dex: 24    Spells: 10/10 levels left

rFire   . . .        a - +2 orcbow (heavy)
rCold   + . .        (shield currently unavailable)
rNeg    . . .        (body armour unavailable)
rPois   +            (helmet restricted)
rElec   .            s - scarf {repulsion}
rCorr   .            (no gloves)
SInv    .            (no boots)
Will    .....        w - amulet of regeneration
Stlth   ++           c - +6 ring of dexterity
HPRegen 1.11/turn    L - ring of protection from cold
MPRegen 0.12/turn

%: repel missiles
@: short of breath, corroded, heavily drained
A: reduced essence, breathe noxious fumes, AC +7, unfitting armour, poison
resistance, cold-blooded
a: Breathe Noxious Fumes, Renounce Religion, Recall Ancestor, Ancestor Identity,
Transference


You were on level 11 of the Dungeon.
You worshipped Hepliaklqana.
Hepliaklqana was most pleased with you.
You visited 2 branches of the dungeon, and saw 12 of its levels.
You also visited: Bailey.

You collected 659 gold pieces.

Inventory:

Hand Weapons
 a - a +2 heavy orcbow (weapon)
 e - a +3 short sword of venom
 j - a +0 sling
 C - a +0 shortbow
 G - the +0 rapier "Hiychetu" {speed, rElec rPois rF- Will++}
   (You took it off an orc on level 7 of the Dungeon)

   rF-:       It makes you vulnerable to fire.
   rElec:     It insulates you from electricity.
   rPois:     It protects you from poison Will++: It greatly increases your
   willpower.
 H - a +0 arbalest
 M - the +7 dagger of the Ten Moons {freeze, *Rage rElec rC+ Int+3}
   (You found it on level 8 of the Dungeon)

   Int+3:     It affects your intelligence (+3).
   rC+:       It protects you from cold.
   rElec:     It insulates you from electricity.
   *Rage:     It berserks you when you make melee attacks (+20% chance).
Missiles
 y - 14 poisoned darts
Armour
 s - a scarf of repulsion (worn)
Magical Staves
 d - a staff of cold
Jewellery
 c - a +6 ring of dexterity (left hand)
 l - a +6 ring of strength
 v - a ring of ice
 w - an amulet of regeneration (around neck)
 z - a ring of magical power
 L - a ring of protection from cold (right hand)
Wands
 b - a wand of polymorph (14)
 u - a wand of iceblast (24)
 F - a wand of charming (8)
Scrolls
 f - 4 scrolls of noise
 h - 3 scrolls of revelation
 i - a scroll of butterflies
 m - 9 scrolls of teleportation
 q - 5 scrolls of fog
 A - 4 scrolls of enchant weapon
 B - a scroll of amnesia
 D - a scroll of identify
 I - 2 scrolls of vulnerability
 J - a scroll of immolation
Potions
 g - a potion of enlightenment
 k - 2 potions of brilliance
 n - 3 potions of resistance {unknown}
 o - a potion of berserk rage {unknown}
 p - a potion of attraction
 r - 4 potions of heal wounds {unknown}
 t - 6 potions of curing
 x - 2 potions of might
 E - 3 potions of mutation {unknown}
 K - a potion of degeneration {unknown}
 N - a potion of magic {unknown}


   Skills:
 + Level 5.4 Fighting
 - Level 16.0 Ranged Weapons
 + Level 4.5 Dodging
 - Level 0.8 Stealth


You had 10 spell levels left.
You didn't know any spells.
Your spell library contained the following spells:

 Spells                   Type           Power      Damage    Failure   Level
 Foxfire                  Conj/Fire      0%         2x1d4     36%         1
 Shock                    Conj/Air       0%         1d3       36%         1
 Ensorcelled Hibernation  Hex/Ice        0%         N/A       50%         2
 Fugue of the Fallen      Necr           0%         N/A       75%         3
 Hailstorm                Conj/Ice       0%         3d5       75%         3
 Stone Arrow              Conj/Erth      0%         3d7       75%         3
 Summon Ice Beast         Ice/Summ       0%         N/A       75%         3
 Swiftness                Air            0%         N/A       75%         3
 Airstrike                Air            0%         2d(0-16)  98%         4
 Anguish                  Hex/Necr       0%         N/A       98%         4
 Summon Mana Viper        Hex/Summ       0%         N/A       100%        5
 Plasma Beam              Fire/Air       0%         2x1d10    100%        6
 Sculpt Simulacrum        Ice/Alch       0%         N/A       100%        6
 Starburst                Conj/Fire      0%         6d3       100%        6
 Monstrous Menagerie      Summ           0%         N/A       100%        7
 Lehudib's Crystal Spear  Conj/Erth      0%         10d2      100%        8
 Animate Armour           Summ/Erth      Unusable   N/A       N/A         4

Dungeon Overview and Level Annotations

Branches:
Dungeon (11/15) Zot: 26859  Temple (1/1) D:7 Zot: 5898    Lair (0/5) D:10
    Orc (0/2) D:11         Bailey (visited)

Altars:
Ashenzari
Cheibriados
Dithmenos
Elyvilon
Fedhas
Gozag
Hepliaklqana
Kikubaaqudgha
Makhleb
Nemelex Xobeh
Okawaru
Qazlal
Ru
Sif Muna
Trog
Uskayaw
Vehumet
Wu Jian
Xom
Yredelemnul
Zin
The Shining One

Shops:
D:2 *   D:3 (   D:6 *

Annotations:
D:8 3 runed translucent doors, rozman's ghost, novice DECj


Innate Abilities, Weirdness & Mutations

Your life essence is reduced to manifest your ancestor. (-10% HP)
You can breathe blasts of noxious fumes.
Your lurid green scales are hard. (AC +7)
You cannot fit into any form of body armour.
Your system is resistant to poisons. (rPois)
You are cold-blooded and may be slowed by cold attacks.


Message History

The blast of choking fumes hits the orange demon but does no damage.
The kobold demonologist is engulfed in noxious fumes.
The rust devil hits you! The rust devil corrodes you!
The orange demon is engulfed in noxious fumes.
The orange demon appears confused.
Gibartek blocks the crimson imp's attack.
Fire: a) +2 orcbow (heavy)
Press: ? - help, Q - select action, (/) - cycle Shift-Dir - straight line, f - kobold demonologist, p - orange demon
Aim: a kobold demonologist, wielding a +0 dagger and wearing a +0 robe (63% to hit)
You shoot an arrow. The arrow hits the rust devil.
The rust devil is almost dead.
Gibartek hits the crimson imp with a +0 flail!
Gibartek blocks the kobold demonologist's attack.
The rust devil barely misses you. The soul eater hits you!
You feel drained.
The orange demon is engulfed in noxious fumes.
The orange demon appears confused.
The crimson imp hits Gibartek.
Fire: a) +2 orcbow (heavy)
Press: ? - help, Q - select action, (/) - cycle Shift-Dir - straight line, f/p - kobold demonologist
Aim: a kobold demonologist, wielding a +0 dagger and wearing a +0 robe (63% to hit)
You shoot an arrow.
The arrow closely misses the rust devil.
Gibartek avoids your attack.
The arrow hits the kobold demonologist but does no damage.
The kobold demonologist mumbles some strange words.
The rust devil barely misses you.
Gibartek hits the crimson imp with a +0 flail!
The crimson imp dies!
The crimson imp disappears in a puff of smoke!
The soul eater hits you.
You feel drained.
Fire: a) +2 orcbow (heavy)
Press: ? - help, Q - select action, (/) - cycle Shift-Dir - straight line, f/p - kobold demonologist
Aim: a kobold demonologist, wielding a +0 dagger and wearing a +0 robe (ally target, 63% to hit)
You shoot an arrow.
The arrow hits the rust devil but does no damage.
The rust devil is almost dead.
The kobold demonologist hits Gibartek but does no damage.
The rust devil hits you! The rust devil corrodes you! The soul eater hits you.
* * * LOW HITPOINT WARNING * * *
You feel drained.
* * * LOW HITPOINT WARNING * * *
Gibartek hits the kobold demonologist with a +0 flail!
Fire: a) +2 orcbow (heavy)
Press: ? - help, Q - select action, (/) - cycle Shift-Dir - straight line, f/p - kobold demonologist
Aim: a kobold demonologist, wielding a +0 dagger and wearing a +0 robe (lightly wounded, ally target, 63% to hit)
You shoot an arrow. The arrow hits the rust devil!!
You kill the rust devil!
The rust devil disappears in a puff of smoke!
The kobold demonologist hits Gibartek but does no damage.
The soul eater misses you.
The orange demon barely misses the kobold demonologist.
The orange demon hits the kobold demonologist.
The kobold demonologist looks weaker.
The orange demon stings itself!
The orange demon hits itself.
Fire: a) +2 orcbow (heavy)
Press: ? - help, Q - select action, (/) - cycle Shift-Dir - straight line, f/p - kobold demonologist
Aim: a kobold demonologist, wielding a +0 dagger and wearing a +0 robe (moderately wounded, weak, ally target, 63% to hit)
You shoot an arrow. The arrow hits the shadow imp!!
You kill the shadow imp!
The shadow imp disappears in a puff of smoke!
The kobold demonologist hits Gibartek but does no damage.
Gibartek hits the kobold demonologist with a +0 flail!
The soul eater hits you.
* * * LOW HITPOINT WARNING * * *
Fire: a) +2 orcbow (heavy)
Press: ? - help, Q - select action, (/) - cycle Shift-Dir - straight line, f/p - kobold demonologist
Aim: a kobold demonologist, wielding a +0 dagger and wearing a +0 robe (heavily wounded, weak, ally target, 63% to hit)
You shoot an arrow. Gibartek avoids your attack.
The arrow hits the kobold demonologist but does no damage.
The kobold demonologist is heavily wounded.
The kobold demonologist hits Gibartek but does no damage.
The soul eater hits you!
* * * LOW HITPOINT WARNING * * *
You feel drained.
* * * LOW HITPOINT WARNING * * *
The orange demon stings the kobold demonologist!
The kobold demonologist is poisoned.
The orange demon poisons the kobold demonologist!
The orange demon closely misses the kobold demonologist.
Gibartek closely misses the kobold demonologist.
Fire: a) +2 orcbow (heavy)
Press: ? - help, Q - select action, (/) - cycle Shift-Dir - straight line, f/p - kobold demonologist
Aim: a kobold demonologist, wielding a +0 dagger and wearing a +0 robe (severely wounded, not watching you, very poisoned, weak, ally target, 63% to hit)
You shoot an arrow. Gibartek avoids your attack.
The arrow closely misses the kobold demonologist.
The arrow hits the orange demon but does no damage.
The orange demon is moderately wounded.
The kobold demonologist closely misses Gibartek.
The soul eater hits you.
* * * LOW HITPOINT WARNING * * *
The orange demon barely misses the kobold demonologist.
The orange demon misses the kobold demonologist.
Fire: a) +2 orcbow (heavy)
Press: ? - help, Q - select action, (/) - cycle Shift-Dir - straight line, f/p - kobold demonologist
Aim: a kobold demonologist, wielding a +0 dagger and wearing a +0 robe (severely wounded, not watching you, very poisoned, weak, ally target, 63% to hit)
You shoot an arrow. Gibartek avoids your attack.
The arrow hits the kobold demonologist but does no damage.
The kobold demonologist is severely wounded.
The kobold demonologist gestures wildly while chanting.
The soul eater hits you!!
You die...

....# .# #####....<... ....#
#..... #...#........
##...#####.....######...#........
...........................(.....
..<.KK.K......)............>.....
..kK..5K.........................
...H.R...........................
................)................
............4KR3@................
...............3.................
...................)^............
.............##.....##...........
... ..#...#............> ..
..(.###.............. . ##.).
...###.....$.. .... ...# ........
......


You could see the friendly Gibartek the knight, a soul eater (summoned), a sun
demon (summoned), an orange demon (summoned, confused) and a kobold demonologist
(very poisoned, weak, ally target).

Vanquished Creatures
  A two-headed ogre (D:10)
  A cyclops (D:11)
  A manticore (D:11)
  An elephant (shapeshifter) (D:11)
  Joseph (D:7)
  A kobold demonologist (D:10)
  A troll (D:7)
  A hornet (D:11)
  A shadow (D:9)
  Sigmund (D:6)
  A wraith (D:10)
  Eustachio (D:6)
  15 yaks
  2 wyverns
  2 vampire mosquitoes (D:10)
  A black bear (D:7)
  13 orc warriors
  A sky beast (D:6)
  4 ogres
  3 centaurs
  2 kobold brigands
  6 bullfrogs
  A gnoll sergeant (D:9)
  5 scorpions
  8 wights
  3 killer bees (D:9)
  2 howler monkeys (D:9)
  2 bombardier beetles
  A quasit (D:8)
  5 hounds
  6 jellies
  A gnoll bouda (D:6)
  5 orc priests
  A sleepcap (D:7)
  4 orc wizards
  Ijyb (D:5)
  5 iguanas
  Robin (D:5)
  14 adders
  13 gnolls
  A shadow imp (D:6)
  6 white imps
  5 ufetubi
  2 ribbon worms (D:3)
  2 dart slugs
  40 orcs
  2 bats
  An endoplasm (D:3)
  3 giant cockroaches
  18 hobgoblins
  3 jackals (D:3)
  4 quokkas
  9 ball pythons
  2 frilled lizards (D:1)
  21 goblins
  12 kobolds
  3 rats
273 creatures vanquished.

Vanquished Creatures (collateral kills)
  A shadow (D:9)
  2 vampire mosquitoes (D:10)
  2 orc warriors (Bailey)
  A centaur (D:10)
  2 wights
  2 orcs (Bailey)
  A goblin (Bailey)
  2 hobgoblins (Bailey)
13 creatures vanquished.

Vanquished Creatures (others)
  2 ancestors (Bailey)
2 creatures vanquished.

Grand Total: 288 creatures vanquished

Notes
Turn   | Place    | Note
-------+----------+-------------------------------------------
     0 | D:1      | jimonade the Draconian Hunter began the quest for the Orb.
     0 | D:1      | Reached XP level 1. HP: 17/17 MP: 1/1
   382 | D:1      | Reached skill level 4 in Ranged Weapons
   387 | D:1      | Reached XP level 2. HP: 22/24 MP: 2/2
   961 | D:2      | Found Bydoz's Assorted Antiques.
  1737 | D:3      | Reached XP level 3. HP: 29/29 MP: 3/3
  1864 | D:3      | Reached skill level 5 in Ranged Weapons
  1897 | D:3      | Reached XP level 4. HP: 36/36 MP: 4/4
  2006 | D:3      | Found Ceoptu's Weapon Boutique.
  2404 | D:4      | Noticed an ogre
  2423 | D:4      | Killed an ogre
  2424 | D:4      | Reached skill level 6 in Ranged Weapons
  2424 | D:4      | Reached XP level 5. HP: 41/41 MP: 5/5
  2693 | D:4      | You fall into a shaft and drop 1 floor!
  2693 | D:5      | Entered Level 5 of the Dungeon
  2905 | D:4      | Noticed an ogre
  2913 | D:4      | Killed an ogre
  2914 | D:4      | Reached XP level 6. HP: 33/48 MP: 6/6
  3017 | D:4      | Reached skill level 7 in Ranged Weapons
  3443 | D:5      | Your scales start taking on a lurid green colour.
  3443 | D:5      | Reached XP level 7. HP: 54/55 MP: 7/7
  3443 | D:5      | Gained mutation: Your system is resistant to poisons.
                  | (rPois) [Green Draconian growth]
  3517 | D:5      | Noticed Robin
  3572 | D:5      | Killed Robin
  3573 | D:5      | Reached skill level 8 in Ranged Weapons
  4154 | D:5      | Noticed Ijyb
  4166 | D:5      | Killed Ijyb
  4524 | D:6      | Reached skill level 9 in Ranged Weapons
  4708 | D:6      | Reached XP level 8. HP: 61/61 MP: 8/8
  4762 | D:6      | Found Ydely's Assorted Antiques.
  5068 | D:6      | Reached skill level 10 in Ranged Weapons
  5308 | D:6      | Noticed Sigmund
  5310 | D:6      | Noticed Eustachio
  5510 | D:6      | Killed Eustachio
  5721 | D:6      | Killed Sigmund
  5722 | D:6      | Reached skill level 11 in Ranged Weapons
  5939 | D:6      | Reached XP level 9. HP: 67/67 MP: 9/9
  6138 | D:7      | Reached skill level 12 in Ranged Weapons
  6320 | D:7      | Reached skill level 13 in Ranged Weapons
  6399 | D:7      | Identified the +0 rapier "Hiychetu" {speed, rElec rPois rF-
                  | Will++}
  6413 | D:7      | Noticed Joseph
  6435 | D:7      | Killed Joseph
  6470 | D:7      | Found a staircase to the Ecumenical Temple.
  6507 | Temple   | Entered the Ecumenical Temple
  6570 | Temple   | Became a worshipper of Hepliaklqana the Forgotten
  6695 | D:7      | Reached XP level 10. HP: 41/73 MP: 10/10
  7678 | D:7      | Reached skill level 14 in Ranged Weapons
  7708 | D:8      | Reached * piety under Hepliaklqana
  7756 | D:8      | Found an iron altar of Okawaru.
  7767 | D:8      | Identified the +7 dagger of the Ten Moons {freeze, *Rage
                  | rElec rC+ Int+3}
  7790 | D:8      | Found a runed translucent gate.
  7790 | D:8      | Noticed rozman's ghost (novice DECj)
  7791 | D:8      | Found a runed translucent gate.
  7792 | D:8      | Found a runed translucent gate.
  7793 | D:8      | Identified the +0 chain mail of the Yeti {Slay+2 Stlth+}
  8128 | D:9      | Found a flagged portal.
  8150 | Bailey   | Entered a bailey
  8402 | Bailey   | Reached skill level 15 in Ranged Weapons
  8481 | Bailey   | Noticed an orc warlord
  8510 | D:9      | HP: 1/65 [orc warrior/+0 war axe (19)]
  8685 | D:9      | Reached ** piety under Hepliaklqana
  8686 | D:9      | Remembered your ancestor Gibartek as a knight
  9210 | D:10     | Entered Level 10 of the Dungeon
  9216 | D:10     | Noticed a two-headed ogre
  9223 | D:10     | Killed a two-headed ogre
  9224 | D:10     | Reached XP level 11. HP: 71/71 MP: 11/11
  9359 | D:10     | Found an ornate altar of the Wu Jian Council.
  9387 | D:10     | Reached skill level 16 in Ranged Weapons
  9422 | D:10     | Found a staircase to the Lair.
  9605 | D:10     | Identified the +1 ring mail of Dogma {Rampage rC+ Will+}
  9748 | D:10     | Reached *** piety under Hepliaklqana
 10121 | D:11     | Found a staircase to the Orcish Mines.
 10165 | D:11     | Reached skill level 5 in Fighting
 10184 | D:11     | Noticed a soul eater
 10195 | D:11     | Demolished by a soul eater

Illustrated notes

Levels and vault maps discovered:
D:1:      arrival_zaba_pyramid, layout_loops_ring, serial_forest,
          infiniplex_forest_clump_double, infiniplex_forest_lined_3,
          infiniplex_forest_clump_diagonal, infiniplex_forest_clump_medium,
          infiniplex_forest_end_1, infiniplex_forest_end_2,
          infiniplex_forest_clump_long
D:2:      layout_rooms, serial_shops, shop_coins, serial_co_window_serial,
          co_window_paths_a, co_window_of_opportunity_a,
          co_window_of_opportunity_a, co_window_paths_b,
          co_window_of_opportunity_a, co_window_of_opportunity_a,
          co_window_paths_a, co_window_paths_a, co_window_paths_a,
          co_window_cross_4, co_window_2corner, co_window_cross_4,
          co_window_unsneaky_path_c, co_window_2corner, glass_columns_a,
          glass_columns_a, glass_columns_a, glass_columns_a, glass_columns_c
D:3:      layout_rooms, serial_shops, nicolae_shop_bloodbath_and_beyond,
          grunt_ministairs_9
D:4:      layout_layer_cave
D:5:      layout_gridville, nicolae_goblin_pals
D:6:      layout_basic, serial_shops, kennysheep_little_box, minmay_pentangle,
          uniq_eustachio, uniq_sigmund
D:7:      layout_basic, temple_pool_b, uniq_joseph
D:8:      layout_cave_pools, okawaru_gym_becter, serial_demonic,
          serial_demonic_a, serial_demonic_a, serial_demonic_c,
          serial_demonic_b, biasface_ghost_orc_armoury,
          kennysheep_cross_bottleneck
D:9:      layout_basic, enter_bailey_5
D:10:     layout_stronghold, mainiacjoe_overflow_chevrons, lair_entry_dummy,
          roderic_lattice_a
D:11:     layout_cross, orc_0_dummy, minmay_misc_feat_tower,
          nicolae_shop_sticking_my_neck_out
Temple:   mainiacjoe_temple_big_plus

Skill      XL: |  1  2  3  4  5  6  7  8  9 10 11 |
---------------+----------------------------------+-----
Ranged Weapons | 4 5 6 7 9 11 13 15 16 | 16.0
Dodging        | 4 |  4.5
Fighting       | 5 |  5.4
Stealth        | |  0.8

Action                     |  1- 3 |  4- 6 |  7- 9 | 10-12 || total
---------------------------+-------+-------+-------+-------++-------
  Melee: Unarmed           |       |       |     5 |       ||     5
   Fire: Shortbow          |   101 |   147 |   361 |       ||   609
         Orcbow            |       |       |    79 |   291 ||   370
 Invoke: Ancestor Identity |       |       |       |     2 ||     2
         Ancestor Life: Kn |       |       |       |     1 ||     1
         Recall Ancestor   |       |       |       |     2 ||     2
Ability: Breathe Noxious F |       |       |    18 |     7 ||    25
    Use: Scroll            |       |       |     5 |     9 ||    14
 Armour: Skin              |    11 |    36 |   160 |    70 ||   277
  Dodge: Dodged            |    13 |    23 |   164 |    59 ||   259
